 Dungeon Crawl Stone Soup version 0.14-a0-1413-g94b8a5e (webtiles) character file.

249 4tharraofdagon the Skirmisher (level 5, -1/45 HPs)
             Began as a Centaur Artificer on Dec 11, 2013.
             Slain by a giant frog (4 damage)
             ... in a sewer.
             The game lasted 00:06:24 (1202 turns).

4tharraofdagon the Skirmisher (Centaur Artificer)   Turns: 1202, Time: 00:06:24

HP  -1/45        AC  6     Str 20      XL: 5   Next: 43%
MP   6/6         EV  9     Int 11      God:
Gold 56          SH  0     Dex  9      Spells:  0 memorised,  4 levels left

rFire  . . .     SeeInvis .     n - +0 dwarf battleaxe
rCold  . . .     Clarity  .     e - +0 leather armour
rNeg   . . .     Conserve .     (no shield)
rPois  .         rCorr    .     (no helmet)
rElec  .         rRot     .     j - +1 orc cloak
SustAb . .       Spirit   .     (no gloves)
rMut   .         Warding  .     (no barding)
Saprov . . .     Stasis   .     (no amulet)
                                (no ring)
                                (no ring)

@: mighty, very quick, slightly resistant to hostile enchantments, extremely
unstealthy
A: hooves 3, deformed body, herbivore 1, speed 2, fast metabolism 1, tough skin
3
a: no special abilities


You were in a sewer.
You were not hungry.

You visited 1 branch of the dungeon, and saw 3 of its levels.
You also visited: Sewer.

You collected 56 gold pieces.

Inventory:

Hand weapons
 a - a +0,+0 short sword
 g - a +0,+0 spear
 n - a +0,+0 dwarven battleaxe (weapon)
Armour
 e - a +0 leather armour (worn)
 j - a +1 orcish cloak (worn)
Magical devices
 b - a wand of flame (13)
 c - a wand of enslavement (12)
 d - a wand of random effects (15)
Comestibles
 f - 2 bread rations
Scrolls
 i - a scroll of curse weapon {unknown}
 l - a scroll of enchant weapon I {unknown}
 m - a scroll of noise {unknown}
 t - a scroll of fog {unknown}
 u - 5 scrolls of recharging
 v - a scroll of fear {unknown}
Potions
 h - 2 potions of restore abilities {unknown}
 k - a potion of poison {unknown}
 q - 2 potions of speed {unknown}
 s - a potion of magic


   Skills:
 * Level 3.6 Fighting
 - Level 0.8 Short Blades
 * Level 2.5 Axes
 - Level 0.6 Polearms
 + Level 1.3 Armour
 - Level 1.3 Dodging
 - Level 0.5 Stealth
 - Level 2.6 Evocations


You had 4 spell levels left.
You didn't know any spells.

Dungeon Overview and Level Annotations

Branches:
Dungeon (3/16)

Altars:


Innate Abilities, Weirdness & Mutations

You have hooves in place of feet.
Armour fits poorly on your strangely shaped body.
You digest meat inefficiently.
You cover ground very quickly.
You have a fast metabolism.
You have extremely tough skin (AC +3).


Message History

The giant frog closely misses you. The giant frog hits you.
* * * LOW HITPOINT WARNING * * *
Evoke which item? (* to show all) (? for menu, Esc to quit)
Okay, then.
You barely miss the giant frog. Your kick misses the giant frog.
The giant frog is moderately wounded.
The giant frog closely misses you.
The giant frog hits you but does no damage.
Unknown command.
Unknown command.
Evoke which item? (* to show all) (? for menu, Esc to quit)
Zapping:
b - a wand of flame (14)
Press: ? - help, Shift-Dir - straight line, f - giant frog
Aim: a giant frog (moderately wounded)
The puff of flame hits the giant frog.
The giant frog is severely wounded.
This wand has 13 charges left.
The giant frog is engulfed in a cloud of scalding steam.
The giant frog hits you.
You die...

#..##....# #..'.....#
####....##
##################.....#
≈≈≈≈≈≈≈≈≈≈≈≈≈≈≈≈.......#
≈≈≈≈≈≈≈≈≈≈≈≈≈≈≈≈≈.....##
≈≈≈≈≈≈≈≈≈≈≈≈≈≈≈≈≈.....#
≈≈≈≈≈≈≈≈≈≈≈%≈≈≈≈≈....##
≈≈≈≈≈≈≈≈≈≈≈≈≈≈≈F@...##
≈≈≈≈≈≈≈≈≈≈≈≈≈≈≈%≈.###
###################


You could see a giant frog.

Vanquished Creatures
  6 adders
  A giant mite (D:3)
  17 grey rats (Sewer)
  2 oozes (Sewer)
  A bat (D:1)
  A giant cockroach (D:1)
  3 goblins
  2 hobgoblins (D:1)
  A kobold (D:2)
  9 ball pythons
  5 giant newts (Sewer)
  13 rats
61 creatures vanquished.

Vanquished Creatures (collateral kills)
  A giant frog (Sewer)
  An adder (D:3)
  A grey rat (D:3)
  2 ball pythons (Sewer)
5 creatures vanquished.

Grand Total: 66 creatures vanquished

Notes
Turn   | Place    | Note
--------------------------------------------------------------
     0 | D:1      | 4tharraofdagon, the Centaur Artificer, began the quest for the Orb.
     0 | D:1      | Reached XP level 1. HP: 16/16 MP: 1/1
   335 | D:1      | Reached XP level 2. HP: 17/23 MP: 2/2
   525 | D:3      | Reached skill level 1 in Axes
   525 | D:3      | Reached XP level 3. HP: 16/29 MP: 4/4
   527 | D:3      | Found a glowing drain.
   560 | Sewer    | Entered a sewer
   636 | Sewer    | Reached skill level 1 in Armour
   804 | Sewer    | Reached XP level 4. HP: 25/37 MP: 4/4
   925 | Sewer    | Reached skill level 3 in Fighting
  1012 | Sewer    | Reached XP level 5. HP: 15/45 MP: 6/6
  1181 | Sewer    | Noticed a giant frog
  1182 | Sewer    | Noticed a giant frog
  1196 | Sewer    | Killed a giant frog
  1202 | Sewer    | Slain by a giant frog

Action                   |  1- 3 |  4- 6 || total
-------------------------+-------+-------++-------
Melee: Spear             |    20 |       ||    20
       Short sword       |     5 |       ||     5
       Battleaxe         |    33 |    82 ||   115
Evoke: Wand              |     2 |     3 ||     5
  Use: Scroll            |       |     2 ||     2
       Potion            |       |     2 ||     2
